AoeStats
← xMasterCheF90x

Arena

510844466Analyzed
3v3 RM · 15h ago on Oct 2, 2026· 54m 44s· 6 players
Game mode
Random Map
Map size
Normal (6 player)
Population
200
Speed
Normal
Resources
Standard
Victory
Conquest
Starting age
Dark Age
Ending age
Imperial Age
RankedLock teamsTeams togetherTeam positionsShared explorationLock speedFull tech treeHidden civsTurbo modeCheats
Victory
Defeat
🇲🇽 Bohemians · Mexico
591
+17
🇪🇸 Spanish · Spain
541
+19
🇨🇭 Romans · Switzerland
512
+20
🇩🇪 Romans · Germany
627
-19
🇮🇹 Huns · Italy
613
-19
🇮🇹 Khmer · Italy
596
-18
nicolasbsl52
5:16 Loom
11:52 Feudal Age
19:25 Castle Age
22:25 Man-at-Arms
28:18 Long Swordsman
29:01 Squires
30:42 Double-Bit Axe
30:47 Horse Collar
33:03 Caravan
33:45 Bow Saw
33:48 Heavy Plow
37:47 Imperial Age
35:57 Wheelbarrow
35:25 Loom
35:30 Town Watch
37:05 Hand Cart
38:07 Masonry
38:08 Fortified Wall
40:47 Ballistas
41:04 Conscription
42:35 Heavy Scorpion
47:25 Legionary
48:16 Scale Barding Armor
48:24 Forging
48:15 Scale Mail Armor
48:17 Padded Archer Armor
48:08 Fletching
49:30 Gold Mining
49:31 Stone Mining
50:19 Chain Mail Armor
50:40 Iron Casting
zarter85
5:03 Loom
11:16 Feudal Age
11:51 Double-Bit Axe
11:49 Horse Collar
12:18 Gold Mining
12:43 Stone Mining
14:47 Wheelbarrow
21:50 Castle Age
22:52 Bow Saw
22:46 Heavy Plow
23:28 Stone Shaft Mining
24:33 Hand Cart
25:03 Caravan
25:10 Fletching
26:03 Bloodlines
26:04 Town Watch
29:56 Ballistics
33:52 Imperial Age
31:34 Padded Archer Armor
33:10 Husbandry
33:48 Town Patrol
33:50 Bodkin Arrow
34:06 Forging
34:03 Scale Barding Armor
34:17 Leather Archer Armor
34:03 Murder Holes
34:15 Inquisition
36:00 Two-Man Saw
35:24 Conscription
34:31 Cavalier
36:46 Hoardings
35:39 Light Cavalry
36:46 Fervor
36:58 Sanctity
36:54 Block Printing
37:19 Theocracy
36:59 Redemption
36:56 Bracer
37:32 Iron Casting
37:19 Chain Barding Armor
39:22 Chemistry
39:39 Ring Archer Armor
40:11 Blast Furnace
39:08 Hussar
42:08 Plate Barding Armor
41:43 Elite Conquistador
47:35 Guilds
48:28 Masonry
51:04 Paladin
sinko peso
3:43 Loom
13:01 Feudal Age
13:26 Double-Bit Axe
13:12 Man-at-Arms
13:59 Horse Collar
17:14 Wheelbarrow
22:31 Castle Age
20:42 Scale Mail Armor
23:21 Bow Saw
23:36 Heavy Plow
23:55 Long Swordsman
24:57 Hand Cart
25:22 Squires
25:10 Arson
25:50 Forging
29:01 Caravan
30:25 Iron Casting
30:52 Chain Mail Armor
38:35 Wagenburg Tactics
38:18 Pikeman
42:57 Imperial Age
43:16 Ballistics
43:08 Fortified Wall
44:40 Two-Man Saw
43:03 Elite Hussite Wagon
43:12 Halberdier
47:45 Chemistry
48:13 Plate Mail Armor
48:44 Blast Furnace
47:48 Padded Archer Armor
47:38 Fletching
48:34 Siege Engineers
48:50 Houfnice
xMasterCheF90x
11:39 Feudal Age
13:39 Wheelbarrow
12:58 Double-Bit Axe
12:57 Horse Collar
19:49 Castle Age
21:13 Hand Cart
21:07 Heavy Plow
21:23 Bow Saw
23:20 Gold Mining
23:21 Stone Mining
28:59 Gold Shaft Mining
33:37 Imperial Age
32:00 Ballistas
33:39 Heavy Scorpion
35:32 Chemistry
42:32 Siege Engineers
42:49 Ballistics
GolTecnic
6:19 Loom
11:41 Feudal Age
12:59 Wheelbarrow
12:08 Horse Collar
12:22 Double-Bit Axe
12:50 Gold Mining
12:50 Stone Mining
17:54 Scale Mail Armor
18:02 Arson
23:22 Castle Age
23:04 Town Watch
24:20 Squires
23:42 Pikeman
24:42 Chain Mail Armor
24:52 Bow Saw
25:02 Hand Cart
25:25 Gold Shaft Mining
24:57 Heavy Plow
28:36 Fletching
30:36 Padded Archer Armor
30:47 Forging
48:54 Bodkin Arrow
53:18 Imperial Age
51:22 Town Patrol
puniscer
4:49 Loom
13:10 Feudal Age
14:34 Wheelbarrow
14:53 Double-Bit Axe
16:23 Horse Collar
25:04 Castle Age
25:20 Gold Mining
25:22 Stone Mining
26:31 Bloodlines
26:54 Hand Cart
26:44 Heavy Plow
26:58 Bow Saw
27:28 Gold Shaft Mining
27:29 Stone Shaft Mining
30:47 Herbal Medicine
31:14 Husbandry
34:43 Scale Barding Armor
34:50 Forging
34:57 Fortified Wall
36:32 Tusk Swords
41:17 Imperial Age
39:40 Ballistics
39:32 Masonry
39:22 Murder Holes
40:50 Town Watch
42:36 Conscription
42:53 Hoardings
42:20 Double Crossbow
43:03 Siege Engineers
43:24 Chain Barding Armor
44:38 Crop Rotation
46:29 Plate Barding Armor
46:29 Iron Casting
47:35 Chemistry
48:59 Elite Ballista Elephant
52:55 Blast Furnace
52:33 Architecture
52:03 Capped Ram
Connection lost

Rejoining the realm…

Still unreachable

The connection could not be restored.

Session expired

The server has moved on; the page needs a fresh start.